Map: Gresvan LE

Players

Ivanilla

  • Race: Terran Terran
  • League: Master
  • Spawn Location: 11:00

TcUltimate - Winner!

  • Race: Protoss Protoss
  • League: Master
  • Spawn Location: 5:00

VOD

Have the link to the VOD?

Description

Time

  • Played on: March 1, 2023, 1:08 a.m.
  • Length: 28:37
Show
View Real Time Build Order
Export as new Build Order

Ivanilla Terran 

Build Orders:  

Get SALT Encoding   

  12  0:00  SCV  
  13  0:12  SCV  
  14  0:17  Supply Depot  
  14  0:24  SCV  
  15  0:39  SCV  
  15  0:40  Barracks  
  16  0:44  Refinery  
  16  0:51  SCV  
  17  1:03  SCV  
  18  1:15  SCV  
  19  1:28  Orbital Command, Barracks Reactor  
  19  1:47  Command Center  
  19  1:56  SCV  
  20  2:02  Supply Depot  
  20  2:04  Marine x2  
  22  2:08  SCV  
  23  2:23  Marine x2  
  23  2:24  SCV  
  23  2:27  Barracks  
  23  2:28  Barracks  
  26  2:36  SCV  
  27  2:42  Marine x2  
  29  2:49  SCV  
  30  2:58  Refinery  
  30  3:00  Factory  
  30  3:02  Marine x2  
  32  3:05  Orbital Command  
  32  3:10  SCV  
  33  3:15  Barracks Tech Lab  
  33  3:16  Barracks Tech Lab  
  33  3:22  SCV  
  33  3:33  Marine x2  
  34  3:34  SCV  
  34  3:35  Stimpack  
  35  3:43  SCV  
  35  3:45  Combat Shield  
  35  3:46  Marine x2  
  38  3:51  Marine  
  38  3:54  SCV  
  40  3:55  SCV  
  40  3:56  Factory Tech Lab  
  41  4:02  Starport  
  41  4:11  SCV x2, Supply Depot  
  41  4:15  Supply Depot  
  43  4:20  Marine x3  
  46  4:26  Factory Reactor  
  46  4:32  Marine  
  46  4:33  SCV x2  
  49  4:45  SCV x2, Supply Depot  
  51  4:46  Supply Depot  
  51  4:50  Marine x2, Marauder  
  51  4:51  Marauder  
  57  4:57  SCV x2  
  59  5:05  Medivac  
  61  5:07  Medivac  
  61  5:08  Marine x2, Factory Reactor  
  61  5:09  SCV  
  61  5:10  Marine  
  61  5:12  Marine  
  68  5:15  Concussive Shells  
  68  5:19  SCV, Supply Depot  
  68  5:20  Supply Depot  
  69  5:21  SCV  
  69  5:26  Marine x2  
  72  5:34  Marauder x2  
  70  5:44  Marine x2  
  69  5:52  SCV x2  
  69  5:55  Marauder, Refinery  
  69  5:56  Marauder  
  69  5:57  Refinery  
  69  6:01  Marine  
  69  6:02  Marine  
  69  6:06  Supply Depot  
  69  6:10  Medivac, Engineering Bay  
  69  6:11  Engineering Bay  
  71  6:12  Supply Depot, Medivac  
  71  6:24  SCV x2  
  72  6:30  Marine x2  
  72  6:31  Marauder x2  
  76  6:42  SCV x2, Engineering Bay x2  
  76  6:45  Medivac  
  80  6:48  Marine x2  
  80  6:52  Marauder x2  
  86  6:56  SCV x2  
  88  7:06  Marine x2  
  90  7:11  Widow Mine x2  
  90  7:12  Command Center  
  94  7:17  Marauder x2  
  94  7:19  SCV  
  94  7:20  SCV  
  100  7:24  Marine x2  
  100  7:27  Terran Infantry Armor Level 1, Terran Infantry Weapons Level 1  
  102  7:44  Marauder x2  
  102  7:54  SCV, Supply Depot, Marine x2  
  102  7:55  Supply Depot  
  105  8:00  Widow Mine x2  
  109  8:16  Medivac x2  
  109  8:17  Barracks, SCV  
  109  8:18  SCV, Barracks  
  115  8:20  Marauder  
  115  8:21  Marauder  
  119  8:28  Marine x2  
  121  8:36  Orbital Command  
  121  8:37  SCV x2  
  123  8:43  Armory  
  123  8:53  Marine x2, Marauder x2  
  129  9:07  Barracks Reactor x2  
  129  9:11  Marine x2  
  129  9:12  Barracks Tech Lab  
  129  9:13  SCV x3  
  129  9:15  Marauder x2  
  138  9:27  Medivac  
  138  9:29  Marine, Medivac  
  141  9:38  Terran Infantry Weapons Level 2, Terran Infantry Armor Level 2  
  141  9:39  Terran Vehicle And Ship Armor Level 1  
  141  9:44  Supply Depot  
  141  9:46  Supply Depot x2, Marine  
  141  9:47  Supply Depot x2, Marauder x3  
  141  9:50  SCV  
  149  10:06  SCV x3, Marine x3  
  149  10:07  Marine  
  155  10:08  Marauder x3  
  162  10:17  Supply Depot  
  162  10:18  SCV x3, Supply Depot  
  165  10:24  Marine x4  
  169  10:29  Marauder x3  
  165  10:44  Marine x4  
  169  10:50  Medivac x2  
  169  10:51  Marauder x3  
  169  10:52  SCV x2  
  181  11:02  Marine, Command Center  
  182  11:07  Barracks  
  182  11:10  Barracks  
  182  11:11  Barracks  
  182  11:13  SCV x3  
  177  11:19  Marine  
  177  11:20  Marine, Marauder x3  
  177  11:23  Marine x2  
  173  11:40  Marine x3  
  173  11:41  Marine, Marauder x3  
  175  11:58  Marine x4  
  174  12:02  Marauder  
  174  12:03  Marauder  
  178  12:10  Marauder  
  178  12:12  Barracks Reactor x2, Barracks Tech Lab  
  178  12:16  Marine x4  
  178  12:24  Marauder x2  
  170  12:32  Marauder  
  170  12:33  Marauder  
  170  12:34  SCV x3, Marine x4  
  170  12:36  Planetary Fortress  
  166  12:44  Terran Infantry Weapons Level 3  
  166  12:45  Terran Infantry Armor Level 3, Marauder x2  
  166  12:46  SCV x2  
  172  12:53  Marauder  
  174  12:59  Command Center  
  174  13:03  Marine x3, Marauder  
  174  13:04  Marine x2  
  181  13:06  Marine  
  181  13:07  Marauder x2  
  186  13:15  Medivac x2  
  188  13:23  Marauder  
  188  13:25  Marauder  
  192  13:28  Marauder  
  192  13:30  Marauder  
  192  13:34  Marine x6  
  194  13:49  Marauder x2  
  194  13:51  Marauder  
  200  13:56  Barracks Tech Lab  
  200  14:05  Terran Ship Weapons Level 1  
  200  14:09  Command Center  
  200  14:13  Starport  
  200  14:15  Fusion Core  
  200  14:26  Medivac  
  149  14:57  Marauder x4  
  150  15:04  Medivac x2  
  150  15:05  Liberator x2  
  158  15:18  Marauder x3  
  158  15:19  Marine x5  
  168  15:26  Marine  
  158  15:33  Liberator  
  158  15:34  Liberator  
  157  15:37  Marine x4  
  157  15:39  Marauder x2  
  157  15:40  Marauder  
  167  15:45  Orbital Command  
  167  15:47  Liberator x2  
  167  15:49  Orbital Command  
  173  15:54  Marine  
  173  15:55  Marine x3  
  172  16:01  Marauder x3  
  158  16:12  Marine  
  158  16:13  Marine x3  
  158  16:16  Liberator x2  
  168  16:19  SCV x5  
  168  16:20  SCV  
  168  16:22  Marauder x3  
  180  16:27  Refinery x2  
  180  16:30  Marine x2  
  180  16:31  SCV x3, Marine  
  186  16:34  Barracks x3  
  186  16:38  Planetary Fortress  
  186  16:43  Marauder  
  186  16:44  Marauder x2  
  186  16:46  Marine  
  184  16:48  Marine  
  184  16:49  SCV x5  
  186  16:57  Marine  
  186  17:01  SCV x2  
  185  17:03  SCV x3  
  185  17:05  Marauder x3  
  185  17:07  Refinery  
  194  17:09  Marine x3, Refinery  
  194  17:11  Advanced Ballistics  
  194  17:13  SCV x2  
  194  17:15  SCV  
  200  17:26  Marine  
  200  17:28  Barracks Reactor x2, Barracks Tech Lab  
  183  18:21  Liberator, Medivac x3  
  183  18:23  Marauder x4  
  197  18:50  Marauder x2  
  197  18:51  Liberator  
  178  18:58  Marine x2, Marauder x2  
  178  18:59  Marine x6  
  169  19:03  Liberator x2  
  169  19:04  Liberator  
  169  19:11  Marauder x2  
  169  19:16  Marine x7  
  160  19:18  SCV x5  
  160  19:19  SCV  
  160  19:20  Marauder x2  
  171  19:26  Terran Ship Weapons Level 2  
  171  19:30  SCV x4, Refinery  
  171  19:31  SCV  
  162  19:32  Marauder, Refinery  
  162  19:33  Marauder  
  161  19:39  Marine x8  
  161  19:41  Marauder x2  
  173  19:51  Command Center  
  173  19:54  Marauder x2  
  173  19:56  Command Center, Marine  
  173  19:57  Marine x5  
  173  19:58  Liberator x2  
  189  20:02  Marauder  
  189  20:03  Marauder  
  186  20:15  Marauder  
  186  20:17  Liberator x2  
  186  20:18  Marauder  
  196  20:25  Marauder  
  196  20:26  Marauder  
  200  21:10  Planetary Fortress  
  200  21:19  Orbital Command  
  200  21:20  Sensor Tower  
  200  21:23  Command Center x2  
  200  21:25  Command Center  
  200  21:26  Sensor Tower  
  200  21:41  Terran Vehicle And Ship Armor Level 2  
  200  21:52  Refinery  
  182  22:17  Marine, Marauder x4  
  182  22:18  Marine x4  
  182  22:19  Marine x3  
  193  22:34  Liberator x2  
  193  22:35  Marine  
  200  22:55  Orbital Command x3  
  198  23:12  Medivac  
  195  23:27  Marauder x2  
  197  23:37  Sensor Tower  
  197  23:41  Marauder  
  137  24:11  Marauder x2  
  137  24:12  Marine x5, Marauder x2  
  137  24:13  Marine x3, Medivac x2  
  137  24:14  Medivac  
  145  24:22  Medivac  
  145  24:30  Marine x8  
  143  24:33  Marauder x4  
  151  24:43  Liberator x2, Medivac  
  159  24:47  Marine  
  159  24:48  Marine x3  
  159  24:52  Liberator  
  161  24:54  Marauder x4  
  161  24:56  Command Center  
  169  25:02  Marine x4  
  169  25:05  Marine  
  169  25:06  Marine x3  
  174  25:11  Barracks  
  174  25:12  Barracks  
  174  25:13  Barracks, Liberator, Starport  
  177  25:15  Marauder  
  177  25:16  Marauder x3  
  177  25:20  Marine x4  
  189  25:23  Marine x2  
  189  25:24  Marine  
  189  25:26  Marine  
  193  25:36  Liberator x2  
  193  25:37  Marine  
  200  25:46  Command Center  
  200  25:50  Refinery  
  200  25:56  Refinery  
  197  26:10  Medivac x2  
  195  26:12  Barracks Tech Lab x3  
  195  26:13  Marauder  
  195  26:14  Starport Reactor  
  194  26:20  Planetary Fortress  
  190  26:46  Liberator x2  
  190  26:47  Liberator  
  156  27:05  Marauder x2  
  156  27:06  Marine x8, Marauder x5  
  156  27:08  Liberator x2  
  166  27:24  Marine x4  
  166  27:27  Marauder x6  
  166  27:29  Marauder  
  157  27:32  Marine  
  157  27:33  Marine x3  
  158  27:41  Marine  
  158  27:42  Marine x3  
  152  27:48  Marine x2, Marauder x4  
  152  27:50  Marine x2  
  152  27:51  Marine x3  
  138  27:54  Liberator x6  
  134  27:59  Marine x2  
  134  28:00  Marine x2  
  125  28:06  Marauder  
  125  28:07  Marauder  
  125  28:08  Marine x4, Marauder  
  125  28:09  Marine x3, Marauder  
  133  28:17  Marine x4  
Show
View Real Time Build Order
Export as new Build Order

TcUltimate Protoss - Winner!

Build Orders: Phoenix Opening, Carriers, Mass Adepts 

Get SALT Encoding   

  12  0:01  Probe  
  13  0:13  Probe  
  14  0:17  Pylon  
  14  0:25  Probe  
  15  0:36  Gateway  
  15  0:37  Probe (Chrono Boost)  
  16  0:46  Probe (Chrono Boost)  
  17  0:51  Probe (Chrono Boost)  
  17  0:52  Assimilator  
  18  1:03  Probe (Chrono Boost)  
  19  1:15  Probe (Chrono Boost)  
  20  1:19  Probe (Chrono Boost)  
  20  1:23  Cybernetics Core  
  21  1:30  Probe  
  22  1:42  Probe  
  23  1:47  Nexus  
  23  1:50  Pylon  
  23  1:59  Warp Gate  
  23  2:08  Adept, Probe (Chrono Boost)  
  26  2:19  Gateway, Probe (Chrono Boost)  
  27  2:24  Probe (Chrono Boost)  
  27  2:26  Gateway  
  27  2:34  Probe  
  28  2:38  Gateway  
  28  2:46  Probe  
  28  2:50  Sentry  
  31  2:54  Gateway  
  31  3:00  Probe (Chrono Boost)  
  31  3:01  Probe (Chrono Boost)  
  35  3:13  Probe x2 (Chrono Boost)  
  35  3:21  Gateway  
  35  3:22  Probe (Chrono Boost)  
  35  3:25  Probe (Chrono Boost)  
  37  3:27  Phoenix  
  37  3:28  Probe  
  37  3:29  Pylon  
  38  3:36  Probe  
  38  3:40  Probe  
  38  3:48  Probe  
  39  3:49  Adept  
  39  3:50  Adept x3  
  39  3:52  Probe  
  48  3:56  Adept  
  48  4:00  Pylon, Probe  
  51  4:05  Assimilator  
  51  4:09  Probe  
  52  4:13  Probe  
  52  4:15  Pylon  
  52  4:16  Pylon  
  53  4:23  Adept  
  53  4:24  Adept x2  
  61  4:35  Nexus  
  59  4:40  Robotics Facility  
  59  4:46  Adept x2  
  59  4:49  Adept  
  65  4:52  Adept  
  65  4:55  Adept  
  65  4:58  Phoenix, Adept  
  65  4:59  Probe (Chrono Boost)  
  72  5:01  Probe (Chrono Boost)  
  72  5:06  Assimilator  
  73  5:10  Probe (Chrono Boost)  
  73  5:11  Probe (Chrono Boost)  
  75  5:15  Probe (Chrono Boost)  
  75  5:16  Pylon, Probe (Chrono Boost)  
  75  5:21  Assimilator  
  77  5:26  Probe  
  78  5:31  Probe  
  77  5:36  Adept x4  
  77  5:38  Probe  
  86  5:43  Probe  
  85  5:50  Probe  
  85  5:52  Pylon  
  85  5:54  Pylon  
  86  6:03  Nexus  
  86  6:07  Robotics Facility  
  86  6:10  Robotics Bay, Probe x2 (Chrono Boost)  
  88  6:22  Probe (Chrono Boost)  
  88  6:23  Probe (Chrono Boost)  
  88  6:28  Probe x2 (Chrono Boost)  
  88  6:29  Nexus, Immortal (Chrono Boost)  
  92  6:36  Probe  
  92  6:38  Probe  
  94  6:45  Stargate  
  94  6:47  Stargate  
  94  6:48  Probe  
  94  6:50  Probe  
  96  6:54  Shield Battery  
  96  6:57  Immortal (Chrono Boost)  
  100  7:14  Probe  
  100  7:15  Probe  
  108  7:16  Colossus (Chrono Boost), Probe  
  108  7:18  Assimilator  
  108  7:20  Assimilator  
  107  7:28  Probe  
  107  7:29  Colossus (Chrono Boost)  
  106  7:30  Probe  
  109  7:40  Probe  
  109  7:41  Probe  
  99  7:44  Phoenix  
  99  7:45  Phoenix  
  99  7:47  Probe  
  104  8:00  Probe  
  104  8:01  Probe, Immortal (Chrono Boost)  
  104  8:02  Phoenix, Probe x2  
  112  8:08  Sentry  
  112  8:09  Sentry  
  112  8:11  Immortal (Chrono Boost)  
  116  8:14  Probe  
  116  8:15  Probe  
  116  8:17  Probe  
  116  8:19  Probe  
  124  8:25  Phoenix x2  
  124  8:26  Probe  
  129  8:32  Assimilator x2  
  129  8:38  Probe  
  129  8:39  Probe x2  
  129  8:40  Pylon  
  132  8:42  Pylon  
  132  8:43  Pylon x2  
  132  8:49  Twilight Council  
  132  8:52  Pylon  
  132  8:56  Pylon  
  132  8:58  Phoenix x2 (Chrono Boost), Probe x3  
  138  9:03  Probe  
  139  9:11  Probe x2  
  139  9:16  Phoenix (Chrono Boost)  
  147  9:17  Phoenix (Chrono Boost)  
  147  9:21  Immortal (Chrono Boost)  
  147  9:22  Colossus (Chrono Boost)  
  155  9:24  Shield Battery  
  155  9:27  Charge (Chrono Boost)  
  155  9:34  Forge  
  155  9:40  Pylon  
  155  9:41  Phoenix x2  
  159  9:46  Pylon  
  158  9:53  Observer (Chrono Boost)  
  158  9:56  Zealot x2  
  158  9:57  Zealot x4  
  171  10:04  Dark Shrine  
  171  10:07  Templar Archives  
  171  10:12  Disruptor x2  
  176  10:21  Pylon  
  176  10:22  Pylon  
  176  10:25  Pylon  
  176  10:27  Zealot x5  
  176  10:28  Zealot  
  170  10:48  Zealot x2  
  170  10:49  Zealot x4, Immortal  
  178  10:52  Disruptor  
  181  11:01  Probe x2  
  181  11:02  Probe x2  
  184  11:13  Probe x2  
  184  11:14  Probe x2  
  188  11:21  Zealot x2  
  188  11:22  Dark Templar x4  
  188  11:24  Protoss Ground Weapons Level 1 (Chrono Boost)  
  200  11:31  Forge, Probe  
  175  11:55  Probe  
  175  11:56  Phoenix  
  175  11:57  Probe x3  
  175  12:00  Zealot  
  175  12:01  Zealot x5  
  182  12:08  Probe  
  185  12:13  Probe  
  185  12:14  Probe  
  171  12:21  Phoenix  
  165  12:24  Probe  
  165  12:26  Probe  
  160  12:30  Warp Prism (Chrono Boost)  
  160  12:33  Protoss Ground Armor Level 1 (Chrono Boost)  
  162  12:37  Dark Templar x4  
  162  12:38  Dark Templar x2  
  162  12:39  Probe  
  162  12:40  Probe x3  
  162  12:41  Disruptor (Chrono Boost)  
  178  12:48  Archon  
  178  12:49  Archon x2  
  180  12:52  Oracle (Chrono Boost), Probe  
  180  12:57  Probe  
  183  12:59  Archon x2  
  183  13:02  Probe x2  
  183  13:05  Probe  
  186  13:09  Probe  
  186  13:11  Zealot  
  186  13:12  Zealot x3  
  194  13:13  Dark Templar  
  196  13:24  Probe  
  189  13:30  Disruptor (Chrono Boost)  
  189  13:31  Disruptor (Chrono Boost)  
  191  13:35  Protoss Ground Weapons Level 2 (Chrono Boost)  
  179  13:55  Zealot  
  179  13:56  Zealot x5  
  179  14:02  Probe, Disruptor (Chrono Boost)  
  195  14:03  Probe  
  195  14:07  Assimilator  
  196  14:13  Psionic Storm  
  196  14:20  Nexus  
  196  14:21  Fleet Beacon  
  196  14:25  Stargate  
  195  14:41  Disruptor, Probe x2  
  188  14:47  Disruptor  
  175  14:58  Phoenix  
  173  15:05  Zealot x2  
  175  15:07  Dark Templar x2  
  175  15:08  Dark Templar x2  
  175  15:10  Probe x2  
  175  15:11  Probe  
  168  15:25  Probe  
  164  15:31  Phoenix, Colossus  
  168  15:54  Pylon  
  157  15:57  Pylon  
  157  15:59  Pylon  
  157  16:02  Pylon  
  155  16:05  Pylon  
  155  16:11  Assimilator  
  155  16:12  Pylon, Phoenix x2 (Chrono Boost)  
  155  16:13  Pylon  
  155  16:14  Assimilator  
  155  16:17  Pylon  
  159  16:22  Probe x2  
  159  16:23  Probe  
  159  16:24  Pylon x2  
  162  16:29  Probe  
  162  16:32  Protoss Ground Weapons Level 3 (Chrono Boost)  
  163  16:33  Carrier x2 (Chrono Boost)  
  163  16:38  Nexus, Probe  
  176  16:44  Probe  
  178  16:47  Probe  
  178  16:48  Disruptor (Chrono Boost)  
  178  16:52  Disruptor (Chrono Boost)  
  181  16:55  Probe  
  181  16:59  Zealot x6  
  189  17:01  Probe  
  189  17:05  Probe x2  
  189  17:08  Probe  
  189  17:25  Mothership (Chrono Boost)  
  189  17:26  Nexus  
  173  17:53  Carrier (Chrono Boost)  
  173  18:01  Carrier (Chrono Boost)  
  172  18:24  Probe  
  173  18:33  Probe  
  169  18:47  Nexus  
  163  18:51  Phoenix x2  
  135  19:07  Probe  
  122  19:12  Probe  
  122  19:16  Phoenix (Chrono Boost)  
  123  19:19  Probe  
  130  19:24  Probe  
  130  19:27  Carrier (Chrono Boost)  
  130  19:31  Probe  
  131  19:36  Probe  
  132  19:39  Probe  
  132  19:43  Probe  
  134  19:48  Carrier (Chrono Boost)  
  134  19:49  Probe  
  134  19:50  Probe  
  142  19:58  Disruptor (Chrono Boost)  
  146  20:00  Probe x2  
  146  20:03  Disruptor (Chrono Boost)  
  150  20:13  Probe  
  151  20:15  Probe x2  
  151  20:16  Probe  
  154  20:25  Probe, Disruptor (Chrono Boost)  
  154  20:27  Probe  
  159  20:29  Assimilator x2  
  159  20:31  Probe  
  157  20:43  Probe  
  157  20:47  Probe  
  159  20:50  Nexus  
  159  20:55  Probe  
  161  20:57  Probe  
  159  21:08  Phoenix (Chrono Boost)  
  159  21:09  Phoenix (Chrono Boost)  
  163  21:22  Pylon  
  163  21:29  Phoenix (Chrono Boost)  
  165  21:38  Probe  
  165  21:39  Probe x2  
  165  21:47  Phoenix (Chrono Boost)  
  165  21:51  Probe  
  167  22:00  Probe  
  164  22:10  Nexus  
  142  22:56  Phoenix x2 (Chrono Boost)  
  145  22:59  Zealot x2  
  145  23:00  Zealot x4  
  154  23:29  Phoenix x2 (Chrono Boost)  
  157  23:41  Probe x2  
  159  23:42  Probe  
  159  23:47  Assimilator  
  134  24:09  Disruptor  
  123  24:10  Probe  
  123  24:17  Probe  
  125  24:21  Probe  
  125  24:22  Probe  
  127  24:25  Probe  
  127  24:29  Probe  
  129  24:32  Zealot x2  
  129  24:33  Zealot, Assimilator  
  129  24:35  Zealot  
  129  24:36  Zealot x2  
  139  24:41  Phoenix  
  139  24:42  Phoenix  
  143  24:56  Probe x3  
  142  25:05  Probe  
  143  25:08  Probe  
  143  25:12  Colossus (Chrono Boost), Immortal (Chrono Boost)  
  154  25:21  Probe  
  154  25:25  Probe x2  
  157  25:33  Protoss Air Weapons Level 1 (Chrono Boost)  
  157  25:36  Phoenix x2 (Chrono Boost)  
  157  25:39  Nexus  
  157  25:42  Immortal (Chrono Boost)  
  165  25:56  Phoenix (Chrono Boost)  
  167  26:07  Phoenix (Chrono Boost)  
  169  26:15  Colossus (Chrono Boost)  
  169  26:23  Zealot  
  169  26:24  Zealot x5  
  181  26:43  Disruptor  
  160  27:02  Phoenix, Immortal  
  166  27:19  Immortal  
  166  27:21  Zealot  
  166  27:22  Zealot x5  
  168  27:36  Phoenix x2  
  149  28:01  Phoenix (Chrono Boost)  
  145  28:06  Phoenix (Chrono Boost)  
  145  28:12  Zealot x2  
  151  28:18  Zealot  
  151  28:19  Zealot x3  
Tags
 
Add a new tag
Caveats
  • Supply blocks, unpowered buildings, or Contaminate may cause inaccurate times.
  • Supply counts are checked every 10 seconds.